| TOP OF THE 1ST |
|
Seattle (APP) Mariners batting - Pitching for Burlington Royals : RHP Mike Tuck
|
|
Pitching: RHP Mike Tuck
|
|
|
Batting: RHB Kikuo Sato
|
0-0: Ball 1-0: Foul Ball, location: 2F 1-1: Foul Ball, location: 2F 1-2: Ball 2-2: DOUBLE (Groundball, 5L, EV 106.2 MPH)
|
|
Batting: RHB Mike Conaway
|
0-0: Called Strike 0-1: Foul Ball, location: 2F 0-2: Ball 1-2: Ball 2-2: Ball 3-2: Fly out, F9 (Flyball, 9LM, EV 88.8 MPH)
|
|
Batting: RHB Tze-meng Li
|
0-0: Fly out, F7 (Line Drive, 7, EV 92.5 MPH)
|
|
Batting: LHB Ryan Lowe
|
0-0: 2-RUN HOME RUN (Flyball, 89XD, EV 98.8 MPH), Distance : 411 ft
|
|
Batting: RHB Chris Olheiser
|
0-0: Ball 1-0: Ground out 1-3 (Groundball, 34S, EV 68.8 MPH)
|
| Top of the 1st over - 2 runs, 2 hits, 0 errors, 0 left on base; Seattle (APP) 2 - Burlington 0 |
| BOTTOM OF THE 1ST |
|
Burlington Royals batting - Pitching for Seattle (APP) Mariners : LHP Aidan Smith
|
|
Pitching: LHP Aidan Smith
|
|
|
Batting: RHB Tim Persson
|
0-0: Ball 1-0: Swinging Strike 1-1: Ball 2-1: Swinging Strike 2-2: Strikes out swinging
|
|
Batting: LHB Ernesto Abreu
|
0-0: Ball 1-0: Foul Ball, location: 2F 1-1: Foul Ball, location: 2F 1-2: Ball 2-2: Ground out 4-3 (Groundball, 34, EV 105.6 MPH)
|
|
Batting: SHB Manny Berrones
|
0-0: Ball 1-0: Foul Ball, location: 2F 1-1: SINGLE (Groundball, 6MD, EV 95.6 MPH)
|
|
Batting: SHB Danny Ballenger
|
0-0: Foul Ball, location: 2F 0-1: Fielders Choice at 2nd, 6-4 (Groundball, 6, EV 90.0 MPH)
|
| Bottom of the 1st over - 0 runs, 1 hit, 0 errors, 1 left on base; Seattle (APP) 2 - Burlington 0 |
| TOP OF THE 2ND |
|
Seattle (APP) Mariners batting - Pitching for Burlington Royals : RHP Mike Tuck
|
|
Batting: SHB Tony Morales
|
0-0: Called Strike 0-1: Ball 1-1: Foul Ball, location: 2LF, Error on foul ball, E2 1-2: Foul Ball, location: 2F 1-2: Ball 2-2: Foul Ball, location: 2F 2-2: Strikes out swinging
|
|
Batting: RHB Ivan Davila
|
0-0: Ball 1-0: Ball 2-0: Ball 3-0: Called Strike 3-1: Base on Balls
|
|
Batting: RHB Enrique Valdez
|
0-0: Ball 1-0: DOUBLE (Groundball, 5L, EV 105.6 MPH) Ivan Davila to third Runner from 3rd tries for Home, SAFE, throw by LF to trailing runner, SAFE at third!
|
|
Batting: RHB John Vasquez
|
0-0: Ball 1-0: Ball 2-0: Foul Ball, location: 2F 2-1: Bunt missed! 2-2: Ball 3-2: Foul Ball, location: 2F 3-2: Base on Balls
|
|
Batting: RHB Kikuo Sato
|
0-0: Fly out, F4 (Flyball, 34D, EV 85.6 MPH)
|
|
Batting: RHB Mike Conaway
|
0-0: Ball 1-0: Ball 2-0: Ball 3-0: Called Strike 3-1: SINGLE (Groundball, 6MD, EV 103.8 MPH) Enrique Valdez scores John Vasquez to second
|
|
Batting: RHB Tze-meng Li
|
0-0: SINGLE (Groundball, 34D, EV 98.8 MPH) John Vasquez to third Mike Conaway to second Runner from 3rd tries for Home, SAFE, throw by RF to home
|
|
Pitching: RHP Philip Terrell
|
|
|
Batting: LHB Ryan Lowe
|
0-0: Ball 1-0: Ball 2-0: Ball 3-0: Called Strike 3-1: SINGLE (Line Drive, 6D, EV 102.5 MPH) Mike Conaway to third Tze-meng Li to second Runner from 3rd tries for Home, SAFE, throw by LF to home
|
|
Batting: RHB Chris Olheiser
|
0-0: Ball 1-0: Ball 2-0: Ball 3-0: Called Strike 3-1: Ground out 4-3 (Groundball, 4, EV 90.6 MPH)
|
| Top of the 2nd over - 4 runs, 4 hits, 1 error, 2 left on base; Seattle (APP) 6 - Burlington 0 |
| BOTTOM OF THE 2ND |
|
Burlington Royals batting - Pitching for Seattle (APP) Mariners : LHP Aidan Smith
|
|
Batting: RHB Rob Ward
|
0-0: Ball 1-0: Ball 2-0: Swinging Strike 2-1: Ball 3-1: Base on Balls
|
|
Batting: LHB Bobby Gonzalez
|
0-0: Foul Ball, location: 2F 0-1: Fielders Choice at 2nd, 6-4 (Groundball, 6, EV 98.1 MPH)
|
|
Batting: SHB Marcos Cortez
|
0-0: Foul Ball, location: 2F 0-1: SINGLE (Groundball, 56, EV 107.5 MPH) Bobby Gonzalez to second
|
|
Batting: RHB Shane Bruce
|
0-0: Called Strike 0-1: Ball 1-1: Ball 2-1: Foul Ball, location: 2F 2-2: Ball 3-2: Foul Ball, location: 2F 3-2: Fly out, F7 (Flyball, 78S, EV 85.6 MPH)
|
|
Batting: RHB Matthew Orphan
|
0-0: 3-RUN HOME RUN (Flyball, 7D, EV 98.1 MPH), Distance : 365 ft
|
|
Batting: RHB Tim Persson
|
0-0: Foul Ball, location: 2F 0-1: Ball 1-1: Swinging Strike 1-2: Foul Ball, location: 2F 1-2: Strikes out swinging
|
| Bottom of the 2nd over - 3 runs, 2 hits, 0 errors, 0 left on base; Seattle (APP) 6 - Burlington 3 |
| TOP OF THE 3RD |
|
Seattle (APP) Mariners batting - Pitching for Burlington Royals : RHP Philip Terrell
|
|
Batting: SHB Tony Morales
|
0-0: Ball 1-0: Ball 2-0: Foul Ball, location: 2F 2-1: Foul Ball, location: 2F 2-2: Foul Ball, location: 2F 2-2: Strikes out swinging
|
|
Batting: RHB Ivan Davila
|
0-0: Called Strike 0-1: Ball 1-1: Foul Ball, location: 2F 1-2: Ground out 6-3 (Groundball, 6, EV 104.4 MPH)
|
|
Batting: RHB Enrique Valdez
|
0-0: Called Strike 0-1: Called Strike 0-2: Foul Ball, location: 2F 0-2: Foul Ball, location: 2F 0-2: Foul Ball, location: 2F 0-2: Fly out, F2 (Popup, 2RF, EV 85.6 MPH)
|
| Top of the 3rd over - 0 runs, 0 hits, 0 errors, 0 left on base; Seattle (APP) 6 - Burlington 3 |
| BOTTOM OF THE 3RD |
|
Burlington Royals batting - Pitching for Seattle (APP) Mariners : LHP Aidan Smith
|
|
Batting: LHB Ernesto Abreu
|
0-0: Swinging Strike 0-1: Swinging Strike 0-2: Ball 1-2: Ball 2-2: Strikes out swinging
|
|
Batting: SHB Manny Berrones
|
0-0: Fly out, F8 (Flyball, 8LM, EV 86.9 MPH)
|
|
Batting: SHB Danny Ballenger
|
0-0: Ball 1-0: Called Strike 1-1: Ball 2-1: Called Strike 2-2: Foul Ball, location: 2F 2-2: Strikes out looking
|
| Bottom of the 3rd over - 0 runs, 0 hits, 0 errors, 0 left on base; Seattle (APP) 6 - Burlington 3 |
| TOP OF THE 4TH |
|
Seattle (APP) Mariners batting - Pitching for Burlington Royals : RHP Philip Terrell
|
|
Batting: RHB John Vasquez
|
0-0: Ball 1-0: Foul Ball, location: 2F 1-1: Swinging Strike 1-2: Foul Ball, location: 2F 1-2: Ball 2-2: Strikes out looking
|
|
Batting: RHB Kikuo Sato
|
0-0: Called Strike 0-1: Foul Ball, location: 2F 0-2: SINGLE (Line Drive, 7S, EV 99.4 MPH)
|
|
Batting: RHB Mike Conaway
|
0-0: Ball Kikuo Sato steals 2nd base 1-0: 2-RUN HOME RUN (Flyball, 9D, EV 96.9 MPH), Distance : 361 ft
|
|
Batting: RHB Tze-meng Li
|
0-0: Ball 1-0: Swinging Strike 1-1: Foul Ball, location: 2F 1-2: Strikes out swinging
|
|
Batting: LHB Ryan Lowe
|
0-0: Called Strike 0-1: Foul Ball, location: 2F 0-2: Ball 1-2: Ground out U3 (Groundball, 3L, EV 98.8 MPH)
|
| Top of the 4th over - 2 runs, 2 hits, 0 errors, 0 left on base; Seattle (APP) 8 - Burlington 3 |
| BOTTOM OF THE 4TH |
|
Burlington Royals batting - Pitching for Seattle (APP) Mariners : LHP Aidan Smith
|
|
Batting: RHB Rob Ward
|
0-0: Ball 1-0: Ball 2-0: Ball 3-0: Called Strike 3-1: Base on Balls
|
|
Batting: LHB Bobby Gonzalez
|
0-0: Fielders Choice at 2nd, 4-6 (Groundball, 4, EV 108.8 MPH)
|
|
Batting: SHB Marcos Cortez
|
0-0: Fielders Choice at 2nd, 4-6 (Groundball, 34, EV 108.8 MPH)
|
|
Batting: RHB Shane Bruce
|
0-0: Called Strike 0-1: Called Strike 0-2: Ball 1-2: Ball 2-2: Fielders Choice at 2nd, 6-4 (Groundball, 6, EV 88.1 MPH)
|
| Bottom of the 4th over - 0 runs, 0 hits, 0 errors, 1 left on base; Seattle (APP) 8 - Burlington 3 |
| TOP OF THE 5TH |
|
Seattle (APP) Mariners batting - Pitching for Burlington Royals : RHP Philip Terrell
|
|
Batting: RHB Chris Olheiser
|
0-0: Called Strike 0-1: Ball 1-1: Foul Ball, location: 2F 1-2: Strikes out looking
|
|
Batting: SHB Tony Morales
|
0-0: Ball 1-0: Called Strike 1-1: Single, Error in OF, E7, batter to second base (Line Drive, 56D, EV 96.9 MPH)
|
|
Pitching: RHP Joe Adelmann
|
|
|
Batting: RHB Ivan Davila
|
0-0: Called Strike Tony Morales steals 3rd base 0-1: Foul Ball, location: 2F 0-2: Strikes out swinging
|
|
Batting: RHB Enrique Valdez
|
0-0: Ball 1-0: Ball 2-0: Foul Ball, location: 2F 2-1: Swinging Strike 2-2: Strikes out looking
|
| Top of the 5th over - 0 runs, 1 hit, 1 error, 1 left on base; Seattle (APP) 8 - Burlington 3 |
| BOTTOM OF THE 5TH |
|
Burlington Royals batting - Pitching for Seattle (APP) Mariners : LHP Aidan Smith
|
|
Batting: RHB Matthew Orphan
|
0-0: DOUBLE (Line Drive, 7LS, EV 88.8 MPH)
|
|
Batting: RHB Tim Persson
|
0-0: Called Strike 0-1: Called Strike 0-2: Ball 1-2: Ground out 5-3 (Groundball, 56S, EV 90.6 MPH)
|
|
Batting: LHB Ernesto Abreu
|
0-0: Swinging Strike 0-1: Called Strike 0-2: Strikes out swinging
|
|
Batting: SHB Manny Berrones
|
0-0: Foul Ball, location: 2F 0-1: Swinging Strike 0-2: Fly out, F8 (Line Drive, 8LM, EV 97.5 MPH)
|
| Bottom of the 5th over - 0 runs, 1 hit, 0 errors, 1 left on base; Seattle (APP) 8 - Burlington 3 |
| TOP OF THE 6TH |
|
Seattle (APP) Mariners batting - Pitching for Burlington Royals : RHP Joe Adelmann
|
|
Batting: RHB John Vasquez
|
0-0: Ball 1-0: Ball 2-0: Ball 3-0: Called Strike 3-1: Base on Balls
|
|
Batting: RHB Kikuo Sato
|
0-0: Ball 1-0: Foul Ball, location: 2F 1-1: Foul Ball, location: 2F 1-2: Ball 2-2: Fielders Choice at 2nd, 6-4 (Groundball, 6M, EV 106.2 MPH)
|
|
Batting: RHB Mike Conaway
|
0-0: Called Strike 0-1: Ball Kikuo Sato steals 2nd base 1-1: Ball 2-1: Swinging Strike 2-2: Strikes out swinging
|
|
Batting: RHB Tze-meng Li
|
0-0: Hit by Pitch
|
|
Batting: LHB Ryan Lowe
|
0-0: Ball 1-0: Ball 2-0: Called Strike 2-1: Ball 3-1: Ground out 4-3 (Groundball, 4, EV 77.5 MPH)
|
| Top of the 6th over - 0 runs, 0 hits, 0 errors, 2 left on base; Seattle (APP) 8 - Burlington 3 |
| BOTTOM OF THE 6TH |
|
Burlington Royals batting - Pitching for Seattle (APP) Mariners : LHP Aidan Smith
|
|
Batting: SHB Danny Ballenger
|
0-0: Called Strike 0-1: Foul Ball, location: 2F 0-2: Ground out 5-3 (Groundball, 5, EV 85.6 MPH)
|
|
Pitching: RHP In Bea
|
|
|
Batting: RHB Rob Ward
|
0-0: Ball 1-0: Foul Ball, location: 2F 1-1: Foul Ball, location: 2F 1-2: Foul Ball, location: 2F 1-2: Ball 2-2: Foul Ball, location: 2F 2-2: Foul Ball, location: 2F 2-2: Ball 3-2: Base on Balls
|
|
Batting: LHB Bobby Gonzalez
|
0-0: Ball 1-0: Called Strike 1-1: Foul Ball, location: 2F 1-2: Ball 2-2: Strikes out looking
|
|
Batting: SHB Marcos Cortez
|
0-0: Ball 1-0: Ball 2-0: Ball 3-0: Foul Ball, location: 2F 3-1: Foul Ball, location: 2F 3-2: Foul Ball, location: 2F 3-2: Strikes out looking
|
| Bottom of the 6th over - 0 runs, 0 hits, 0 errors, 1 left on base; Seattle (APP) 8 - Burlington 3 |
| TOP OF THE 7TH |
|
Seattle (APP) Mariners batting - Pitching for Burlington Royals : RHP Joe Adelmann
|
|
Batting: RHB Chris Olheiser
|
0-0: SINGLE (Groundball, 6MD, EV 101.9 MPH)
|
|
Batting: SHB Tony Morales
|
0-0: Foul Ball, location: 2F 0-1: Ball 1-1: Ball 2-1: Ball 3-1: Base on Balls Chris Olheiser to second
|
|
Batting: RHB Ivan Davila
|
0-0: Fly out, F3 (Popup, 34S, EV 76.9 MPH)
|
|
Batting: RHB Enrique Valdez
|
0-0: Ball 1-0: Swinging Strike 1-1: SINGLE (Groundball, 56S, EV 67.5 MPH) (infield hit) Chris Olheiser to third Tony Morales to second
|
|
Batting: RHB John Vasquez
|
0-0: Called Strike 0-1: Called Strike 0-2: Ball 1-2: Foul Ball, location: 2F 1-2: Strikes out swinging
|
|
Batting: RHB Kikuo Sato
|
0-0: Ball 1-0: Called Strike 1-1: SINGLE (Groundball, 13, EV 83.1 MPH) (infield hit) Chris Olheiser scores Tony Morales to third Enrique Valdez to second
|
|
Batting: RHB Mike Conaway
|
0-0: Called Strike 0-1: Called Strike 0-2: Fielders Choice at 2nd, U4 (Groundball, 4M, EV 103.1 MPH)
|
| Top of the 7th over - 1 run, 3 hits, 0 errors, 3 left on base; Seattle (APP) 9 - Burlington 3 |
| BOTTOM OF THE 7TH |
|
Burlington Royals batting - Pitching for Seattle (APP) Mariners : RHP In Bea
|
|
Batting: RHB Shane Bruce
|
0-0: Ball 1-0: Foul Ball, location: 2F 1-1: SINGLE (Groundball, 4MD, EV 108.8 MPH)
|
|
Batting: RHB Matthew Orphan
|
0-0: Sac Bunt to 15 - play at first, batter OUT! 1-3 Shane Bruce to second
|
|
Batting: RHB Tim Persson
|
0-0: Ball 1-0: Called Strike 1-1: Foul Ball, location: 2F 1-2: Strikes out swinging
|
|
Batting: LHB Ernesto Abreu
|
0-0: Called Strike 0-1: Called Strike 0-2: Ball 1-2: Fly out, F8 (Flyball, 78M, EV 89.4 MPH)
|
| Bottom of the 7th over - 0 runs, 1 hit, 0 errors, 1 left on base; Seattle (APP) 9 - Burlington 3 |
| TOP OF THE 8TH |
|
Seattle (APP) Mariners batting - Pitching for Burlington Royals : RHP Joe Adelmann
|
|
Batting: RHB Tze-meng Li
|
0-0: Ball 1-0: Ball 2-0: Ball 3-0: Base on Balls
|
|
Pitching: RHP Junsuke Abe
|
|
|
Batting: LHB Ryan Lowe
|
0-0: Ball 1-0: Ball 2-0: 2-RUN HOME RUN (Flyball, 8RXD, EV 106.2 MPH), Distance : 452 ft
|
|
Batting: RHB Chris Olheiser
|
0-0: SINGLE (Line Drive, 8RS, EV 108.1 MPH)
|
|
Pinch Hitting: RHB Danny Pujols
|
0-0: Called Strike 0-1: Foul Ball, location: 2F 0-2: Foul Ball, location: 2F 0-2: Strikes out looking
|
|
Batting: RHB Ivan Davila
|
0-0: Ball 1-0: Ball 2-0: Ball 3-0: Called Strike 3-1: Called Strike 3-2: Fly out, F7 (Line Drive, 7, EV 93.1 MPH)
|
|
Batting: RHB Enrique Valdez
|
0-0: Swinging Strike 0-1: Ball 1-1: Ball 2-1: SINGLE (Groundball, 6MD, EV 108.1 MPH) (infield hit) Chris Olheiser to second
|
|
Batting: RHB John Vasquez
|
0-0: Ball 1-0: SINGLE (Line Drive, 9S, EV 105.6 MPH) Chris Olheiser to third Enrique Valdez to second
|
|
Pinch Hitting: RHB Houston Brock
|
0-0: Ball 1-0: Swinging Strike 1-1: Foul Ball, location: 2F 1-2: Ball 2-2: Ball 3-2: Strikes out swinging
|
| Top of the 8th over - 2 runs, 4 hits, 0 errors, 3 left on base; Seattle (APP) 11 - Burlington 3 |
| BOTTOM OF THE 8TH |
|
Burlington Royals batting - Pitching for Seattle (APP) Mariners : RHP In Bea
|
|
Now at 2B: Tze-meng Li
|
|
|
Now at 3B: Danny Pujols
|
|
|
Now in CF: Houston Brock
|
|
|
Batting: SHB Manny Berrones
|
0-0: Ball 1-0: Ball 2-0: Fly out, F8 (Flyball, 8RM, EV 91.2 MPH)
|
|
Batting: SHB Danny Ballenger
|
0-0: Called Strike 0-1: Ground out 6-3 (Groundball, 6, EV 92.5 MPH)
|
|
Batting: RHB Rob Ward
|
0-0: Foul Ball, location: 2F 0-1: Swinging Strike 0-2: Foul Ball, location: 2F 0-2: Ball 1-2: Strikes out swinging
|
| Bottom of the 8th over - 0 runs, 0 hits, 0 errors, 0 left on base; Seattle (APP) 11 - Burlington 3 |
| TOP OF THE 9TH |
|
Seattle (APP) Mariners batting - Pitching for Burlington Royals : RHP Junsuke Abe
|
|
Batting: RHB Mike Conaway
|
0-0: Called Strike 0-1: Ball 1-1: Foul Ball, location: 2F 1-2: DOUBLE (Groundball, 5L, EV 106.9 MPH)
|
|
Batting: RHB Tze-meng Li
|
0-0: Called Strike 0-1: Ball 1-1: SINGLE (Groundball, 4MD, EV 103.1 MPH) Mike Conaway to third
|
|
Batting: LHB Ryan Lowe
|
0-0: Ball 1-0: 3-RUN HOME RUN (Flyball, 7LD, EV 92.5 MPH), Distance : 351 ft
|
|
Batting: RHB Chris Olheiser
|
0-0: Called Strike 0-1: Ball 1-1: Called Strike 1-2: Fly out, F4 (Line Drive, 4, EV 66.2 MPH)
|
|
Batting: RHB Danny Pujols
|
0-0: Swinging Strike 0-1: Ball 1-1: Foul Ball, location: 2F 1-2: Foul Ball, location: 2F 1-2: Strikes out swinging
|
|
Batting: RHB Ivan Davila
|
0-0: Foul Ball, location: 2F 0-1: Foul Ball, location: 2F 0-2: Strikes out swinging
|
| Top of the 9th over - 3 runs, 3 hits, 0 errors, 0 left on base; Seattle (APP) 14 - Burlington 3 |
| BOTTOM OF THE 9TH |
|
Burlington Royals batting - Pitching for Seattle (APP) Mariners : RHP In Bea
|
|
Batting: LHB Bobby Gonzalez
|
0-0: Called Strike 0-1: Ball 1-1: Called Strike 1-2: Ball 2-2: Foul Ball, location: 2F 2-2: Ball 3-2: Strikes out swinging
|
|
Pitching: RHP Harry Hammons
|
|
|
Batting: SHB Marcos Cortez
|
0-0: Called Strike 0-1: Foul Ball, location: 2F 0-2: Strikes out swinging
|
|
Batting: RHB Shane Bruce
|
0-0: Ball 1-0: Called Strike 1-1: Ball 2-1: Ball 3-1: Called Strike 3-2: Foul Ball, location: 2F 3-2: Strikes out swinging
|
| Bottom of the 9th over - 0 runs, 0 hits, 0 errors, 0 left on base; Seattle (APP) 14 - Burlington 3 |
|